AoeStats
← GENTILLESSE

Pilgrims

508988950Analyzed
4v4 RM · 6d ago on Sep 25, 2026· 39m 28s· 8 players
Game mode
Random Map
Map size
Large (8 player)
Population
200
Speed
Normal
Resources
Standard
Victory
Conquest
Starting age
Dark Age
Ending age
Imperial Age
RankedLock teamsTeams togetherTeam positionsShared explorationLock speedFull tech treeHidden civsTurbo modeCheats
Victory
Defeat
🇧🇷 Varangians · Brazil
946
+14
🇨🇱 Burgundians · Chile
917
+15
🇨🇱 Huns · Chile
902
+16
🇺🇸 Romans · United States
902
+16
🇨🇱 Goths · Chile
963
-18
🇫🇷 Burgundians · France
955
-18
🇱🇻 Jurchens · Latvia
854
-13
🇺🇸 Varangians · United States
830
-12
M3TAL JUNKI3xXx
4:08 Loom
13:00 Feudal Age
13:42 Double-Bit Axe
13:39 Horse Collar
14:36 Wheelbarrow
13:50 Town Watch
21:46 Castle Age
19:53 Stone Mining
20:12 Gold Mining
23:00 Wheelbarrow
22:38 Bow Saw
22:34 Heavy Plow
23:12 Gold Shaft Mining
25:25 Hand Cart
26:41 Pikeman
27:22 Squires
27:27 Scale Mail Armor
27:24 Fletching
28:06 Man-at-Arms
29:00 Forging
29:06 Chain Mail Armor
28:47 Bodkin Arrow
29:16 Ballistics
28:47 Long Swordsman
30:53 Iron Casting
35:54 Town Patrol
41:15 Imperial Age
ciborg
12:32 Feudal Age
11:25 Loom
13:55 Double-Bit Axe
14:49 Horse Collar
15:15 Fishing Lines
18:24 Castle Age
21:17 Wheelbarrow
20:54 Bow Saw
20:49 Heavy Plow
21:08 Stone Mining
21:32 Scale Barding Armor
22:27 Gold Mining
23:36 Hand Cart
24:06 Gillnets
26:12 Gold Shaft Mining
27:09 Marauders
29:42 Imperial Age
28:12 Forging
28:16 Caravan
30:23 Chain Barding Armor
30:39 Iron Casting
31:31 Elite Tarkan
32:48 Plate Barding Armor
33:46 Two-Man Saw
33:31 Husbandry
33:41 Bloodlines
34:36 Blast Furnace
36:26 Light Cavalry
FeniksOfTomb
10:27 Loom
12:17 Feudal Age
10:34 Loom
13:52 Double-Bit Axe
15:44 Fishing Lines
17:06 Man-at-Arms
17:39 Horse Collar
22:49 Castle Age
21:31 Arson
22:00 Forging
21:50 Scale Mail Armor
24:14 Bow Saw
25:32 Gold Mining
26:43 Wheelbarrow
26:19 Squires
26:50 Gambesons
29:05 Gillnets
29:32 Stone Mining
30:43 Heavy Plow
33:39 Iron Casting
33:20 Chain Mail Armor
34:50 Hand Cart
35:15 Stone Shaft Mining
34:47 Padded Archer Armor
35:08 Vendel Legacy
36:35 Scale Barding Armor
39:46 Bloodlines
39:36 Husbandry
GERMANICO7222
0:50 Double-Bit Axe
10:25 Fishing Lines
11:07 Loom
14:08 Feudal Age
13:24 Gold Mining
15:26 Gillnets
17:00 Gold Shaft Mining
20:19 Bow Saw
23:48 Castle Age
23:38 Stone Mining
24:27 Wheelbarrow
25:38 Stone Shaft Mining
26:08 Medium Warships
26:34 Hand Cart
26:04 Town Watch
28:43 Scale Barding Armor
28:48 Forging
28:54 Horse Collar
29:34 Heavy Plow
30:42 Burgundian Vineyards
33:51 Two-Man Saw
33:24 Crop Rotation
33:43 Chain Barding Armor
33:58 Iron Casting
33:12 Demolition Ship
37:40 Imperial Age
35:23 Husbandry
34:45 Cavalier
34:48 Light Cavalry
37:51 Elite Coustillier
38:53 Conscription
39:08 Hoardings
39:10 Plate Barding Armor
39:35 Blast Furnace
39:04 Flemish Revolution
Dancen lepercon
9:40 Loom
13:47 Feudal Age
23:42 Castle Age
22:22 Gold Mining
22:26 Stone Mining
22:32 Double-Bit Axe
25:28 Wheelbarrow
25:14 Fishing Lines
27:05 Bow Saw
30:22 Horse Collar
35:17 Imperial Age
35:22 Forging
35:15 Scale Mail Armor
35:09 Gambesons
35:26 Squires
37:14 Hand Cart
37:03 Gold Mining
38:43 Heavy Plow
39:24 Chain Mail Armor
GENTILLESSE
8:16 Loom
13:34 Feudal Age
16:02 Horse Collar
16:11 Double-Bit Axe
16:18 Gold Mining
19:46 Castle Age
17:59 Bow Saw
17:52 Heavy Plow
23:42 Wheelbarrow
27:52 Hand Cart
29:44 Crop Rotation
35:02 Imperial Age
35:24 Two-Man Saw
c190
RafaelLoz
2:11 Loom
14:13 Feudal Age
16:12 Double-Bit Axe
17:21 Wheelbarrow
21:55 Castle Age
23:22 Pikeman
24:42 Bow Saw
24:38 Squires
32:23 Hand Cart
31:41 Man-at-Arms
Connection lost

Rejoining the realm…

Still unreachable

The connection could not be restored.

Session expired

The server has moved on; the page needs a fresh start.